 Dungeon Crawl Stone Soup version 0.29.0-10-g45618ea6d2 (webtiles) character file.

Game seed: 11258965559265355445

2980 raistware the Destroyer (level 9, -9/54 HPs)
             Began as an Octopode Conjurer on Sept 1, 2022.
             Was an Initiate of Vehumet.
             Mangled by an orc warrior
             ... wielding a +0 glaive
              (14 damage)
             ... on level 8 of the Dungeon.
             The game lasted 00:36:06 (10082 turns).

raistware the Destroyer (Octopode Conjurer)        Turns: 10082, Time: 00:36:07

Health: -9/54      AC:  1    Str: 12    XL:     9   Next: 83%
Magic:  7/21       EV: 15    Int: 23    God:    Vehumet [......]
Gold:   276        SH:  7    Dex: 17    Spells: 9/24 levels left

rFire   . . .      SeeInvis .   F - +8 whip of Satyriasis {venom, rC- Will+++ Dex+5}
rCold   x . .      Faith    .   f - +2 buckler
rNeg    + . .      Spirit   .   g - +0 hat
rPois   .          Reflect  .   (no amulet)
rElec   .          Harm     .   c - ring of positive energy
rCorr   .          Rampage  .   v - ring of wizardry
Will    +++..                   x - ring of flight
Stlth   +++.......              I - +6 ring of strength
HPRegen 0.18/turn               (no ring)
MPRegen 0.17/turn               (no ring)
                                (no ring)
                                (no ring)

@: about to teleport, flying
A: almost no armour, amphibious, 8 rings, camouflage 1, gelatinous body 1,
(nimble swimmer 1), tentacles
a: Renounce Religion


You were on level 8 of the Dungeon.
You worshipped Vehumet.
Vehumet was noncommittal.
You visited 2 branches of the dungeon, and saw 9 of its levels.

You collected 604 gold pieces.
You spent 328 gold pieces at shops.

Inventory:

Hand Weapons
 h - a +2 short sword of speed
 F - the +8 whip of Satyriasis (weapon) {venom, rC- Will+++ Dex+5}
   (You found it on level 6 of the Dungeon)

   It poisons the flesh of those it strikes.
   Dex:       It affects your dexterity (+5).
   rC:        It makes you vulnerable to cold.
   Will:      It greatly increases your willpower.
Missiles
 s - 2 throwing nets
Armour
 f - a +2 buckler (worn)
 g - a +0 hat (worn)
Jewellery
 c - a ring of positive energy (left tentacle)
 v - a ring of wizardry (right tentacle)
 x - a ring of flight (on tentacle)
 I - a +6 ring of strength (on tentacle)
Wands
 q - a wand of flame (12)
 t - a wand of quicksilver (9)
 y - a wand of mindburst (4)
 G - a wand of charming (3)
Scrolls
 b - a scroll of enchant weapon {unknown}
 d - 7 scrolls of teleportation
 k - 2 scrolls of noise {unknown}
 m - a scroll of brand weapon {unknown}
 n - 2 scrolls of magic mapping {unknown}
 p - 2 scrolls of butterflies {unknown}
 w - a scroll of blinking {unknown}
 A - a scroll of poison {unknown}
 E - a scroll of enchant armour {unknown}
 H - a scroll of immolation {unknown}
 J - a scroll of fear {unknown}
Potions
 a - 3 potions of magic
 e - 4 potions of might
 i - 2 potions of heal wounds
 j - 3 potions of haste {unknown}
 l - 3 potions of flight
 o - 4 potions of curing
 u - 2 potions of cancellation {unknown}
 z - 3 potions of lignification {unknown}
 B - 2 potions of brilliance {unknown}
 C - a potion of attraction {unknown}
 D - a potion of experience {unknown}


   Skills:
 - Level 2.0 Fighting
 + Level 4.6 Dodging
 - Level 3.0 Stealth
 - Level 4.0 Shields
 + Level 8.1 Spellcasting
 + Level 8.3 Conjurations
 - Level 2.0 Translocations
 + Level 1.0 Air Magic
 - Level 1.0 Poison Magic


You had 9 spell levels left.
You knew the following spells:

 Your Spells              Type           Power      Damage    Failure   Level
a - Magic Dart            Conj           100%       1d8       1%          1
b - Blink                 Tloc           36%        N/A       2%          2
c - Iskenderun's Mystic   Conj/Tloc      33%        2d8       4%          4
d - Mephitic Cloud        Conj/Pois/Air  25%        N/A       2%          3
e - Freezing Cloud        Conj/Ice/Air   11%        6-21      26%         5

Your spell library contained the following spells:

 Spells                   Type           Power      Damage    Failure   Level
 Searing Ray              Conj           94%        2d7       1%          2
 Dazzling Flash           Conj/Hex       56%        N/A       1%          3
 Lesser Beckoning         Tloc           18%        N/A       4%          3
 Call Imp                 Summ           9%         N/A       5%          2
 Fulminant Prism          Conj/Hex       14%        3d9       6%          4
 Ignite Poison            Fire/Tmut/Pois 10%        N/A       9%          3
 Manifold Assault         Tloc           18%        N/A       38%         5
 Silence                  Hex/Air        5%         N/A       58%         5
 Agony                    Necr           9%         N/A       65%         5


Dungeon Overview and Level Annotations

Branches:
Dungeon (8/15)             Temple (1/1) D:5
   Lair: D:8-11

Altars:
Ashenzari
Cheibriados
Fedhas
Gozag
Hepliaklqana
Makhleb
Qazlal
Ru
Vehumet
Wu Jian
Xom
Zin

Shops:
D:2 **   D:3 !   D:5 (*(([   D:6 *

Annotations:
D:4 1 runed translucent door, Arcadio's ghost, novice NaCj
D:6 3 runed translucent doors, 112233's ghost, amateur FeAE; Dowan


Innate Abilities, Weirdness & Mutations

You cannot wear most types of armour.
You are amphibious.
You can wear up to eight rings at the same time.
Your skin changes colour to match your surroundings (Stealth+).
Your rubbery body absorbs attacks. (AC +1, EV +1)
((You are camouflaged when in or above water. (Stealth+)))
You have tentacles for arms and can constrict up to eight enemies at once.


Message History

The grasping roots constrict the orc wizard.
The grasping roots constrict the orc warrior.
You kill the orc wizard!
Vehumet accepts your kill.
The orc warrior escapes!
Something hits you.
* * * LOW HITPOINT WARNING * * *
Your Air Magic skill increases to level 1!
Casting: Blink (safe; 2% risk of failure)
Confirm with . or Enter, or press ? or * to list all spells.
You can't see any susceptible monsters within range! (Use Z to cast anyway.)
Casting: Blink (safe; 2% risk of failure)
Confirm with . or Enter, or press ? or * to list all spells.
Aiming: Mephitic Cloud (dangerous; 2% risk of failure)
Press: ? - help, Shift-Dir - straight line, f/p - orc warrior
Aim: an orc warrior, wielding a +0 glaive and wearing a +0 plate armour (lightly wounded, chance to affect: 81%)
The ball explodes into a vile cloud!
The stinking cloud engulfs the orc warrior but does no damage.
The orc warrior is lightly wounded.
The orc warrior is engulfed in noxious fumes.
The orc warrior appears confused.
Unknown command.
You barely miss something.
You feel stable enough to blink again.
The orc warrior is engulfed in noxious fumes.
The orc warrior appears confused.
As you read the scroll of teleportation, it crumbles to dust.
You feel strangely unstable. The orc warrior closely misses you.
Something barely misses you.
You closely miss something. Something hits you.
* * * LOW HITPOINT WARNING * * *
The orc warrior grins madly.
Something hits you.
* * * LOW HITPOINT WARNING * * *
Unknown command.
You closely miss something. You squeeze something. Something hits you.
* * * LOW HITPOINT WARNING * * *
You hit something. Your squeeze misses something. Something hits you.
* * * LOW HITPOINT WARNING * * *
The orc warrior hits you with a +0 glaive!
You die...

#########
#........
#........
##........
####.........
##########
###............
.........#
##.{.###........
......o..###.@###
#........
...).....#)oo##
#........
..))....)..###
#........
.o##....####
####........
#>####
#.....####.. #
#........#..
#........#
..######........#
#...............#


You could see an orc warrior (confused) and an orc.

Vanquished Creatures
  Pikel (D:5)
  Grinder (D:5)
  Sigmund (D:2)
  A water moccasin (D:7)
  An ice beast (D:7)
  Pargi (D:3)
  A sky beast (D:7)
  A black bear (D:8)
  An ogre (D:3)
  A centaur (D:7)
  A lemure (D:6)
  2 phantoms
  A scorpion (D:7)
  3 bullfrogs
  3 howler monkeys
  4 orc priests
  A gnoll bouda (D:3)
  5 hounds
  4 jellies (D:7)
  Ijyb (D:5)
  3 iguanas
  7 orc wizards
  Robin (D:3)
  5 adders
  14 gnolls (D:3)
  2 shadow imps
  2 worms
  39 orcs
  2 bats
  7 endoplasms
  A giant cockroach (D:1)
  8 goblins
  11 hobgoblins
  11 jackals (D:3)
  6 kobolds
  4 quokkas
  2 ball pythons
  6 frilled lizards
  2 rats
168 creatures vanquished.

Vanquished Creatures (others)
  A plant (D:3)
1 creature vanquished.

Grand Total: 169 creatures vanquished

Notes
Turn   | Place    | Note
-------+----------+-------------------------------------------
     0 | D:1      | raistware the Octopode Conjurer began the quest for the
                  | Orb.
     0 | D:1      | Reached XP level 1. HP: 11/11 MP: 3/3
   306 | D:1      | Reached XP level 2. HP: 17/17 MP: 1/5
   934 | D:2      | Noticed Robin
  1141 | D:2      | Noticed Sigmund
  1144 | D:2      | Reached XP level 3. HP: 21/21 MP: 4/7
  1204 | D:3      | Noticed Pargi
  1242 | D:3      | Learned a level 2 spell: Blink
  1852 | D:2      | Reached skill level 1 in Translocations
  2141 | D:2      | Found Meiwn's Assorted Antiques.
  2149 | D:2      | Bought an inky potion for 19 gold pieces
  2149 | D:2      | Bought a scroll labelled MEUDOLL BOUST for 22 gold pieces
  2149 | D:2      | Bought a fuming blue potion for 19 gold pieces
  2149 | D:2      | Bought a bubbling yellow potion for 19 gold pieces
  2149 | D:2      | Bought an inky potion for 19 gold pieces
  2190 | D:2      | Found Yxtugolunk's General Store.
  2326 | D:3      | Found Zokeoles's Distillery.
  2335 | D:3      | Bought a potion of curing for 30 gold pieces
  2381 | D:3      | Found a burning altar of Makhleb.
  2540 | D:3      | Reached XP level 4. HP: 27/27 MP: 2/9
  2545 | D:3      | Learned a level 4 spell: Iskenderun's Mystic Blast
  2642 | D:3      | Killed Robin
  3184 | D:3      | Noticed a blizzard demon
  3187 | D:3      | Noticed a smoke demon
  3187 | D:3      | Noticed a smoke demon
  3206 | D:3      | Reached XP level 5. HP: 31/31 MP: 5/11
  3736 | D:3      | Reached XP level 6. HP: 36/36 MP: 6/12
  3790 | D:3      | Learned a level 3 spell: Mephitic Cloud
  3937 | D:3      | Reached skill level 5 in Conjurations
  4139 | D:3      | Reached skill level 5 in Spellcasting
  4394 | D:3      | Reached XP level 7. HP: 42/42 MP: 8/14
  4539 | D:3      | Reached skill level 1 in Poison Magic
  4907 | D:4      | Reached skill level 1 in Fighting
  4907 | D:4      | Reached skill level 1 in Shields
  5206 | D:4      | Found a runed translucent door.
  5212 | D:4      | Noticed Arcadio's ghost (novice NaCj)
  6040 | D:5      | Entered Level 5 of the Dungeon
  6040 | D:5      | Found Beluiq's Antique Weapon Shop.
  6106 | D:5      | Found Axtia's Assorted Antiques.
  6114 | D:5      | Bought a thick filigree amulet for 125 gold pieces
  6114 | D:5      | Bought a scroll of teleportation for 75 gold pieces
  6231 | D:5      | Found Titoc's Antique Weapon Shop.
  6285 | D:5      | Found a staircase to the Ecumenical Temple.
  6290 | Temple   | Entered the Ecumenical Temple
  6316 | D:5      | Found Hinu's Armour Boutique.
  6439 | D:5      | Noticed Grinder
  6447 | D:5      | Paralysed by Grinder for 2 turns
  6458 | D:5      | Killed Grinder
  6458 | D:5      | Noticed Ijyb
  6459 | D:5      | Reached XP level 8. HP: 48/48 MP: 10/16
  6462 | D:5      | Killed Ijyb
  6607 | D:5      | Found Agatsaut's Antique Weapon Shoppe.
  6811 | D:5      | Found a sacrificial altar of Ru.
  7048 | D:2      | Killed Sigmund
  7092 | D:3      | Killed Pargi
  7213 | D:6      | Noticed Pikel
  7213 | D:6      | Found Zin's Purification Station.
  7213 | D:6      | Found a glowing silver altar of Zin.
  7513 | D:5      | Killed Pikel
  7514 | D:5      | Reached XP level 9. HP: 53/54 MP: 2/19
  7931 | D:6      | Identified the +8 whip of Satyriasis {venom, rC- Will+++
                  | Dex+5}
  8018 | D:6      | Noticed Dowan
  8046 | D:6      | Found a runed translucent gate.
  8046 | D:6      | Found a runed translucent gate.
  8046 | D:6      | Found a runed translucent gate.
  8052 | D:6      | Noticed 112233's ghost (amateur FeAE)
  8435 | D:7      | Found an ornate altar of the Wu Jian Council.
  9425 | D:7      | Found a snail-covered altar of Cheibriados.
  9595 | Temple   | Became a worshipper of Vehumet
  9723 | D:7      | Found a stormy altar of Qazlal.
  9942 | D:8      | Learned a level 5 spell: Freezing Cloud
 10077 | D:8      | Reached skill level 1 in Air Magic
 10082 | D:8      | Mangled by an orc warrior

Illustrated notes

Levels and vault maps discovered:
D:1:      heliophobic_arrival_henge, layout_loops_ring
D:2:      layout_basic, serial_shops, shop,
          nicolae_shop_temple_entry_statues_fountains,
          kennysheep_generic_room_14, uniq_robin, uniq_sigmund
D:3:      lemuel_castle_with_subvaults [lemuel_castle_interior_carwin_3],
          layout_rooms, makhleb_altar_promises_db, serial_shops,
          nicolae_lakefront_shop, minmay_puff, uniq_pargi
D:4:      layout_gridville, ebering_ghost_sewer_d, uniq_crazy_yiuf_cottage
D:5:      layout_basic, nicolae_overflow_hidden_temple, temple_doors_e,
          serial_shops, nicolae_stop_n_shop_1, nicolae_shop_window_shopping,
          shop, shop, nicolae_shop_hallway_plus, bh_walls_and_bars,
          uniq_grinder, uniq_ijyb
D:6:      hellmonk_destroyed_diamonds, layout_cave_pools, zin_purify,
          gammafunk_ghost_necromancy, uniq_duvessa, uniq_pikel
D:7:      layout_gridville, general_overflow_altar,
          mainiacjoe_overflow_alcove_1, mainiacjoe_overflow_alcove_4
D:8:      minmay_octagon_keep, layout_basic, mainiacjoe_overflow_brackets,
          st_stairs_13, uniq_maggie
Temple:   nicolae_temple_ecumenical_triangle

Skill      XL: |  1  2  3  4  5  6  7  8  9 |
---------------+----------------------------+-----
Spellcasting   | 3 4 5 7 8 |  8.1
Translocations | 1 2 |  2.0
Dodging        | 3 4 |  4.6
Conjurations   | 5 6 7 8 |  8.3
Stealth        | 3 |  3.0
Poison Magic   | 1 |  1.0
Fighting       | 1 2 |  2.0
Shields        | 2 4 |  4.0
Air Magic      | 1 |  1.0

Action                   |  1- 3 |  4- 6 |  7- 9 || total
-------------------------+-------+-------+-------++-------
Melee: Unarmed           |     4 |       |       ||     4
       Tentacles         |     4 |    14 |    37 ||    55
       Dagger            |    14 |    47 |    15 ||    76
       Constrict         |     5 |    12 |    25 ||    42
       Punch             |       |     3 |     3 ||     6
       Short sword       |       |       |    61 ||    61
       Whip              |       |       |    37 ||    37
 Cast: Magic Dart        |    68 |    94 |   189 ||   351
       Iskenderun's Myst |       |     2 |     9 ||    11
       Blink             |       |     2 |     4 ||     6
       Mephitic Cloud    |       |     4 |    15 ||    19
Evoke: Wand              |       |       |    18 ||    18
  Use: Scroll            |       |     5 |     3 ||     8
 Stab: Sleeping          |     2 |     3 |     1 ||     6
       Distracted        |     1 |       |       ||     1
       Confused          |       |       |     4 ||     4
Armor: Skin              |     1 |     1 |     1 ||     3
Dodge: Dodged            |    26 |    17 |    49 ||    92
Block: Buckler           |       |       |    27 ||    27
